Map: Catalyst LE

Players

Lambo

  • Race: Zerg Zerg
  • Spawn Location: 5:00

Zanster - Winner!

  • Race: Zerg Zerg
  • League: Master
  • Spawn Location: 11:00

Event: WCS Austin 2018

VOD

Have the link to the VOD?

Description

Time

  • Played on: June 1, 2018, 3:26 p.m.
  • Length: 16:18

All games in this series

Show
View Real Time Build Order
Export as new Build Order

Lambo Zerg 

Build Orders: Hatch First, Lurkers 

Get SALT Encoding   

  12  0:01  Drone  
  13  0:13  Overlord  
  13  0:18  Drone  
  14  0:32  Drone x2  
  16  0:48  Hatchery  
  15  0:51  Drone  
  15  0:56  Drone  
  17  0:59  Drone  
  18  1:10  Extractor  
  17  1:14  Spawning Pool  
  17  1:17  Drone  
  17  1:22  Drone  
  18  1:29  Drone  
  19  1:40  Drone  
  20  1:51  Overlord  
  20  2:00  Queen x2  
  24  2:02  Drone x2  
  26  2:15  Zergling x2  
  27  2:16  Drone  
  28  2:23  Drone x2  
  30  2:35  Drone, Spine Crawler  
  30  2:36  Drone, Queen  
  33  2:45  Drone  
  33  2:46  Drone  
  33  2:52  Lair  
  33  2:54  Drone  
  33  2:55  Evolution Chamber  
  33  2:57  Drone  
  35  3:07  Overlord  
  35  3:08  Drone  
  35  3:16  Roach Warren  
  35  3:20  Drone, Zerg Missile Weapons Level 1  
  35  3:24  Overlord  
  35  3:26  Drone x3  
  38  3:27  Drone  
  38  3:30  Drone  
  38  3:32  Drone  
  41  3:40  Drone x3  
  44  3:43  Drone, Extractor  
  44  3:44  Extractor  
  44  3:47  Drone x2  
  45  3:49  Drone  
  45  3:50  Drone  
  47  4:00  Glial Reconstitution  
  47  4:05  Hatchery, Drone  
  47  4:09  Drone x2  
  49  4:11  Overseer  
  49  4:13  Overseer  
  49  4:23  Overlord  
  49  4:26  Roach  
  49  4:27  Overlord  
  51  4:32  Overlord  
  51  4:36  Overlord  
  51  4:39  Overlord  
  51  4:44  Roach x4  
  59  4:46  Roach  
  59  4:52  Roach x3  
  67  4:58  Drone x2  
  67  4:59  Evolution Chamber  
  68  5:03  Drone  
  68  5:05  Drone x3  
  72  5:08  Drone x2  
  74  5:17  Drone  
  74  5:18  Drone x2  
  74  5:19  Drone x2  
  74  5:20  Drone  
  80  5:22  Zerg Missile Weapons Level 2  
  80  5:28  Zerg Ground Armor Level 1  
  80  5:33  Roach x2  
  80  5:34  Roach  
  86  5:37  Extractor  
  86  5:38  Extractor  
  86  5:40  Roach  
  86  5:41  Roach  
  86  5:42  Overlord  
  88  5:44  Overlord  
  88  5:47  Roach  
  88  5:49  Overlord  
  90  5:52  Roach  
  92  5:59  Roach x3  
  92  6:03  Drone x4  
  92  6:04  Drone x2  
  104  6:07  Roach  
  104  6:08  Drone x2  
  108  6:13  Overlord  
  108  6:17  Roach x2  
  112  6:22  Overlord  
  118  6:25  Roach x3  
  118  6:26  Roach  
  118  6:31  Overlord  
  118  6:32  Roach x4  
  128  6:39  Ravager x2  
  130  6:41  Roach x4  
  138  6:50  Overlord x2  
  138  6:52  Roach x4  
  146  7:00  Overlord  
  146  7:09  Extractor  
  146  7:14  Roach x7  
  159  7:17  Hatchery  
  159  7:19  Roach x3  
  159  7:20  Drone  
  159  7:21  Drone  
  166  7:23  Drone  
  166  7:26  Ravager x2  
  166  7:28  Drone  
  166  7:29  Overlord  
  170  7:37  Overlord  
  170  7:45  Overlord  
  170  7:48  Drone x2  
  170  7:49  Drone  
  170  7:50  Roach x2  
  177  7:52  Hydralisk Den, Ravager  
  177  7:53  Ravager  
  177  7:54  Tunneling Claws  
  177  7:55  Burrow  
  178  8:00  Roach x3  
  184  8:06  Overlord, Drone x2  
  186  8:13  Pneumatized Carapace  
  186  8:14  Roach x4  
  192  8:39  Roach x5  
  200  8:50  Grooved Spines  
  200  8:53  Lurker Den  
  200  8:54  Extractor  
  200  8:55  Spine Crawler  
  197  8:58  Extractor  
  194  9:04  Roach x21  
  192  9:12  Roach x4  
  200  9:19  Roach x26  
  200  9:21  Roach x21  
  198  9:31  Roach  
  200  9:45  Roach x11  
  192  9:54  Hydralisk x4  
  192  9:57  Roach x25  
  192  9:58  Infestation Pit  
  195  10:09  Hydralisk x3  
  197  10:17  Hydralisk  
  197  10:18  Roach  
  197  10:26  Overseer  
  191  10:31  Hatchery  
  191  10:32  Lurker  
  191  10:37  Overlord  
  191  10:38  Overlord  
  191  10:39  Lurker x2  
  191  10:40  Overlord  
  191  10:41  Overlord x2  
  191  10:42  Overlord  
  183  10:50  Overlord  
  183  10:53  Hive  
  183  11:00  Roach x9  
  183  11:01  Roach  
  183  11:03  Roach x3  
  189  11:14  Roach x7  
  193  11:25  Roach x6  
  199  11:26  Roach x18  
  199  11:29  Overseer  
  195  11:38  Roach x4  
  200  11:42  Roach x8  
  181  11:48  Roach  
  181  11:54  Hydralisk x3  
  160  12:00  Roach  
  162  12:01  Hydralisk x3  
  164  12:12  Hydralisk x4  
  168  12:18  Lurker  
  168  12:19  Lurker x3  
  172  12:23  Hydralisk x3  
  172  12:24  Roach  
  172  12:25  Ravager x2  
  172  12:27  Lurker x2  
  182  12:30  Roach  
  182  12:34  Hydralisk  
  182  12:35  Roach x2, Hydralisk x3  
  182  12:36  Lurker  
  199  12:37  Lurker x2  
  199  12:45  Roach x7  
  199  12:51  Drone  
  200  12:53  Extractor  
  200  12:55  Overlord  
  200  12:58  Overseer  
  199  13:01  Overlord  
  199  13:03  Adaptive Talons  
  199  13:11  Overlord, Lurker x3  
  192  13:13  Overlord  
  192  13:18  Viper  
  192  13:31  Viper x2  
  198  13:42  Roach x5  
  198  13:44  Overseer  
  198  13:46  Hatchery  
  193  14:01  Extractor  
  192  14:04  Roach x2  
  192  14:06  Hydralisk x8  
  192  14:09  Overlord x2  
  195  14:17  Muscular Augments  
  181  14:34  Hydralisk x7  
  182  14:45  Hydralisk x2  
  178  14:47  Lurker  
  181  14:58  Lurker x4  
  185  15:02  Overseer  
  164  15:08  Roach x16  
  164  15:10  Overseer x2  
  160  15:16  Overseer  
  160  15:20  Hatchery, Lurker x2  
  156  15:37  Hydralisk x3  
  149  15:48  Hydralisk x3  
Show
View Real Time Build Order
Export as new Build Order

Zanster Zerg - Winner!

Build Orders: Pool First, Lurkers 

Get SALT Encoding   

  12  0:00  Drone  
  13  0:13  Overlord  
  13  0:17  Drone  
  14  0:32  Drone x2  
  14  0:35  Drone  
  17  0:44  Spawning Pool  
  17  0:48  Drone  
  17  1:10  Hatchery  
  16  1:23  Drone  
  17  1:32  Zergling x4  
  19  1:33  Queen  
  19  1:34  Zergling x2  
  22  1:47  Zergling x2, Extractor  
  22  1:55  Overlord  
  22  2:13  Queen  
  22  2:14  Drone  
  25  2:17  Drone  
  25  2:22  Drone  
  27  2:24  Queen  
  27  2:27  Drone  
  30  2:34  Drone  
  31  2:39  Drone  
  32  2:48  Drone x4  
  33  2:52  Lair  
  33  2:54  Drone  
  33  2:58  Overlord  
  34  3:06  Drone  
  35  3:15  Evolution Chamber  
  35  3:16  Drone  
  35  3:17  Drone x2  
  37  3:24  Drone x3  
  40  3:28  Drone  
  40  3:31  Drone  
  42  3:36  Drone, Roach Warren  
  42  3:39  Drone  
  43  3:41  Overlord  
  43  3:45  Zerg Missile Weapons Level 1  
  43  3:49  Extractor  
  43  3:50  Extractor  
  43  3:51  Drone x2  
  43  3:52  Drone  
  44  4:01  Drone x2  
  44  4:02  Drone x3  
  48  4:08  Drone  
  49  4:14  Hatchery  
  48  4:17  Overlord  
  48  4:20  Glial Reconstitution  
  48  4:22  Drone  
  49  4:25  Drone  
  49  4:26  Drone  
  49  4:28  Drone  
  52  4:32  Overlord  
  52  4:39  Drone x2  
  52  4:41  Overseer  
  52  4:42  Roach x2  
  52  4:45  Roach  
  60  4:50  Overlord  
  60  4:53  Roach x2  
  60  4:54  Roach  
  60  4:59  Roach  
  68  5:03  Overlord  
  68  5:07  Overlord  
  68  5:14  Roach x4  
  76  5:16  Overlord  
  76  5:22  Extractor  
  76  5:23  Roach  
  76  5:28  Overlord  
  77  5:31  Drone  
  77  5:32  Evolution Chamber  
  77  5:33  Drone x4  
  81  5:36  Drone  
  81  5:38  Drone  
  84  5:42  Drone  
  84  5:43  Drone  
  84  5:44  Drone  
  84  5:45  Drone  
  87  5:51  Drone, Extractor  
  87  5:52  Drone x2  
  89  5:59  Drone  
  89  6:02  Drone  
  89  6:03  Drone x4  
  95  6:07  Zerg Ground Armor Level 1, Extractor  
  94  6:16  Drone  
  94  6:17  Roach  
  94  6:18  Roach x5  
  107  6:21  Drone, Zerg Missile Weapons Level 2  
  107  6:22  Drone  
  107  6:25  Overlord  
  109  6:31  Roach x2  
  113  6:33  Overlord, Ravager  
  113  6:36  Overlord x2  
  114  6:43  Overlord  
  114  6:45  Roach x4  
  122  6:49  Overlord  
  122  6:52  Roach x2  
  126  6:56  Roach x2  
  126  6:58  Ravager x2  
  126  6:59  Ravager  
  133  7:02  Roach  
  133  7:03  Ravager  
  133  7:08  Roach x2  
  140  7:18  Roach x5  
  140  7:19  Roach x2  
  140  7:21  Roach  
  156  7:25  Hydralisk Den  
  156  7:26  Roach  
  156  7:27  Roach x2  
  161  7:35  Drone  
  162  7:37  Overlord  
  162  7:39  Overlord  
  162  7:40  Overlord  
  162  7:42  Hatchery  
  157  7:46  Roach, Ravager  
  157  7:47  Overlord, Roach  
  162  7:54  Overlord  
  162  7:57  Roach x4  
  170  7:59  Muscular Augments  
  170  8:01  Lurker Den  
  169  8:06  Roach  
  169  8:07  Roach x3  
  169  8:08  Zerg Ground Armor Level 2  
  169  8:11  Ravager  
  178  8:19  Roach x5  
  192  8:20  Roach x2  
  192  8:32  Roach x2  
  194  8:36  Overlord  
  194  8:38  Overlord  
  194  8:44  Overlord  
  194  8:47  Overlord  
  192  8:57  Hydralisk x4  
  196  9:04  Hatchery  
  195  9:13  Hydralisk x2  
  196  9:26  Overseer  
  181  9:33  Overseer  
  181  9:36  Overseer  
  181  9:38  Roach  
  181  9:39  Roach x8  
  188  9:45  Pneumatized Carapace  
  188  9:46  Hydralisk  
  188  9:47  Hydralisk x7  
  189  9:55  Burrow  
  189  9:56  Roach  
  189  9:57  Roach x4  
  195  10:11  Roach  
  195  10:12  Roach  
  199  10:24  Overseer  
  199  10:29  Lurker  
  199  10:31  Hatchery  
  199  10:39  Roach  
  199  10:53  Lurker  
  200  10:57  Roach Warren  
  200  11:00  Hatchery, Lurker  
  185  11:13  Drone x5  
  185  11:14  Drone x4, Hydralisk x6  
  185  11:15  Roach  
  197  11:19  Drone  
  197  11:20  Drone x2  
  196  11:34  Roach x2  
  193  11:43  Hydralisk x10  
  193  11:44  Hydralisk x3  
  193  11:47  Queen x2  
  197  11:48  Grooved Spines  
  185  11:54  Roach x3  
  185  12:02  Roach x3  
  185  12:03  Roach  
  189  12:12  Roach  
  189  12:13  Roach x2  
  180  12:16  Lurker x3  
  183  12:25  Roach x4  
  190  12:34  Lurker  
  190  12:35  Drone x2  
  193  12:39  Drone  
  193  12:40  Drone x6  
  200  13:04  Infestation Pit  
  197  13:16  Roach x2  
  197  13:17  Overseer  
  192  13:28  Drone x8  
  197  13:34  Drone x4  
  197  13:36  Queen  
  194  13:44  Hydralisk  
  194  13:45  Hydralisk x3  
  194  13:47  Hive  
  197  13:59  Drone x3  
  196  14:10  Drone x5  
  200  14:19  Overseer  
  200  14:20  Overseer  
  176  14:39  Overlord x2  
  156  14:45  Roach, Hydralisk  
  156  14:46  Roach x12, Hydralisk  
  156  14:50  Drone x3  
  156  14:51  Drone x2  
  188  14:56  Lurker  
  188  14:58  Lurker  
  188  14:59  Drone x3  
  183  15:09  Roach x4  
  183  15:16  Roach  
  183  15:17  Drone x2  
  183  15:20  Extractor  
  183  15:21  Drone x2, Extractor  
  185  15:22  Drone x3  
  185  15:26  Overseer  
  190  15:33  Roach x3  
  180  15:43  Roach x5  
  166  15:51  Roach  
  166  15:52  Roach x4, Drone  
  166  15:53  Drone x7  
  166  15:54  Extractor  
  166  15:56  Extractor  
  178  15:58  Roach  
Tags
 
Add a new tag
Caveats
  • Supply blocks, unpowered buildings, or Contaminate may cause inaccurate times.
  • Supply counts are checked every 10 seconds.